 Dungeon Crawl Stone Soup version 0.32-a0-872-g59262bdc9b (webtiles) character file.

Game seed: 2805007432492432337

100 Adrian566 the Slasher (level 4, -1/34 HPs)
             Began as a Demonspawn Gladiator on Mar 30, 2024.
             Killed by divine providence
             ... invoked by an orc priest
              (15 damage)
             ... on level 3 of the Dungeon.
             The game lasted 00:02:07 (1934 turns).

Adrian566 the Slasher (Demonspawn Gladiator)        Turns: 1934, Time: 00:02:07

Health: -1/34      AC:  6    Str: 12 (15) XL:     4   Next: 46%
Magic:  4/4        EV: 11    Int:  6 (8)  God:
Gold:   112        SH:  0    Dex: 13 (16) Spells: 3/3 levels left

rFire   . . .        a - +0 long sword
rCold   . . .        (no shield)
rNeg    . . .        b - +0 leather armour
rPois   .            c - +0 helmet
rElec   .            (no cloak)
rCorr   .            (no gloves)
SInv    .            (no boots)
Will    +....        (no amulet)
Stlth   +            (no ring)
HPRegen 0.25/turn    (no ring)
MPRegen 0.09/turn

%: no passive effects
@: confused, ambrosia-drunk, enlightened, flying, wreathed by umbra
A: thin metallic scales 1, foul shadow 1
a: Convert to Beogh


You were on level 3 of the Dungeon.
You visited 1 branch of the dungeon, and saw 3 of its levels.

You collected 112 gold pieces.

Inventory:

Hand Weapons
 a - a +0 long sword (weapon)
Missiles
 d - 3 throwing nets (quivered)
 e - a javelin
Armour
 b - a +0 leather armour (worn)
 c - a +0 helmet (worn)
Talismans
 n - a serpent talisman
Scrolls
 h - a scroll of teleportation {unknown}
 i - 3 scrolls of identify {unknown}
 j - a scroll of immolation {unknown}
 k - 3 scrolls of fog {unknown}
 o - a scroll of noise {unknown}
Potions
 g - a potion of magic


   Skills:
 + Level 2.6 Fighting
 + Level 3.8 Long Blades
 + Level 1.7 Throwing
 + Level 1.0 Armour
 + Level 3.2 Dodging
 + Level 0.5 Stealth


You had 3 spell levels left.
You didn't know any spells.
Your spell library contained the following spells:

 Spells                   Type           Power      Damage    Failure   Level
 Shock                    Conj/Air       0%         1d3       54%         1
 Swiftness                Air            0%         N/A       88%         3
 Airstrike                Air            0%         2d(0-16)  99%         4


Dungeon Overview and Level Annotations

Branches:
Dungeon (3/15)

Altars:


Innate Abilities, Weirdness & Mutations

You are partially covered in thin metallic scales. (AC +2)
You are faintly shadowed, very rarely releasing foul flame when damaged in melee.


Message History

The orc closely misses you. The bat misses you.
Your Armour skill increases to level 1!
Unknown command.
The bat attacks as it pursues you! The bat hits you but does no damage. x2
You slash the bat!
You kill the bat!
The bat barely misses you.
You slash the orc!
You kill the orc!
The bat barely misses you.
You closely miss the bat. The bat barely misses you.
The orc priest calls down the wrath of Beogh upon you.
Beogh smites you!
* * * LOW HITPOINT WARNING * * *
You hit the orc priest.
The orc priest threatens, "Beogh's wrath is as vast as their mercy.
Make your choice!"
The orc priest is moderately wounded.
The orc priest threatens, "Beogh's wrath is as vast as their mercy.
Make your choice!"
The orc priest hits you with a +0 hand axe.
* * * LOW HITPOINT WARNING * * *
It was a potion of ambrosia.
You are confused.
You feel invigorated.
The orc priest hits you with a +0 hand axe.
* * * LOW HITPOINT WARNING * * *
Unknown command.
It was a potion of magic.
Magic courses through your body. The orc priest closely misses you.
Unknown command.
It was a potion of degeneration.
There was something very wrong with that liquid.
You feel weakened.
You feel dopey.
You feel clumsy. The orc priest closely misses you.
Unknown command.
It was a potion of enlightenment.
You feel very buoyant.
You fly up into the air.
The orc priest mumbles some strange prayers to Beogh against you.
Beogh smites you!
You die...

#########
......!.#
........#
........#
........#
........#
##.##..@#
###o#
#b)..#
#.....#
.........
#........
..###.###
..# ..
... ..


You could see an orc priest and a bat.

Vanquished Creatures
  An orc priest (D:3)
  An adder (D:2)
  2 ribbon worms (D:2)
  An orc (D:3)
  2 ball pythons
  7 endoplasms
  3 giant cockroaches
  3 hobgoblins (D:2)
  A jackal (D:2)
  4 kobolds
  4 quokkas
  7 bats
  7 frilled lizards (D:1)
  6 goblins
  5 rats (D:1)
54 creatures vanquished.

Notes
Turn   | Place    | Note
-------+----------+-------------------------------------------
     0 | D:1      | Adrian566 the Demonspawn Gladiator began the quest for the
                  | Orb.
     0 | D:1      | Reached XP level 1. HP: 16/16 MP: 1/1
   189 | D:1      | Gained mutation: You are partially covered in thin metallic
                  | scales. (AC +2) [demonic ancestry]
   189 | D:1      | Reached XP level 2. HP: 22/22 MP: 2/2
  1052 | D:2      | Reached XP level 3. HP: 26/27 MP: 3/3
  1883 | D:2      | Gained mutation: You are faintly shadowed, very rarely
                  | releasing foul flame when damaged in melee. [demonic
                  | ancestry]
  1883 | D:2      | Reached XP level 4. HP: 34/34 MP: 4/4
  1926 | D:3      | Reached skill level 1 in Armour
  1930 | D:3      | HP: 1/34 [orc priest/+0 hand axe (1)]
  1934 | D:3      | Killed from afar by an orc priest

Illustrated notes

Levels and vault maps discovered:
D:1:      scummos_arrival_hexagon, layout_loops_corners, minmay_lizard_pond
D:2:      layout_loops_ring, minmay_pentomino_x2
D:3:      layout_rooms, minmay_cut_off

Skill      XL: |  1  2  3  4 |
---------------+-------------+-----
Dodging        | 3 |  3.2
Long Blades    | 3 |  3.8
Armour         | 1 |  1.0
Fighting       | |  2.6
Throwing       | |  1.7
Stealth        | |  0.5

Action                     |  1- 3 |  4- 6 || total
---------------------------+-------+-------++-------
  Melee: Long sword        |   146 |     6 ||   152
    Use: Potion            |       |     4 ||     4
   Stab: Sleeping          |     2 |       ||     2
 Armour: Leather armour    |   101 |     7 ||   108
  Dodge: Dodged            |    97 |     9 ||   106
         Form:             |     1 |       ||     1
         Serpent           |     1 |       ||     1

Table legend: (Time is in decaauts)
 A = Elapsed time spent in this place.
 B = Non-inter-level travel time spent in this place.
 C = Inter-level travel time spent in this place.
 D = Time resting spent in this place.
 E = Time spent auto-exploring this place.
 F = Levels seen in this place.
 G = Mean time per level.
                   A        B        C        D        E       F      G
               +--------+--------+--------+--------+--------+-----+--------+
         Total |   1970 |   1927 |     43 |      0 |   1552 |   3 |  656.7 |
       Dungeon |   1970 |   1927 |     43 |      0 |   1552 |   3 |  656.7 |
               +--------+--------+--------+--------+--------+-----+--------+

Top non-repeatable levels by time:
     D:1: 1057 daAuts
     D:2: 899 daAuts
     D:3: 14 daAuts
